Map: Neon Violet Square LE

Players

SpeCial - Winner!

  • Race: Terran Terran
  • League: Master
  • Spawn Location: 11:00

TYTY (TY)

  • Race: Terran Terran
  • League: Master
  • Spawn Location: 5:00

Event: Memes & Dreams Invitational

VOD

Have the link to the VOD?

Description

Time

  • Played on: April 15, 2018, 1:35 a.m.
  • Length: 11:29

All games in this series

Show
View Real Time Build Order
Export as new Build Order

SpeCial Terran - Winner!

Build Orders: Reaper Expand, MMM Bio 

Get SALT Encoding   

  12  0:00  SCV  
  13  0:12  SCV  
  14  0:17  Supply Depot  
  14  0:24  SCV  
  15  0:39  SCV  
  15  0:40  Barracks  
  16  0:46  Refinery  
  16  0:51  SCV  
  17  1:03  SCV  
  18  1:15  SCV  
  19  1:28  Orbital Command  
  19  1:29  Reaper  
  20  1:43  Command Center  
  20  1:53  Supply Depot  
  20  1:54  SCV  
  21  2:01  Reaper  
  21  2:06  SCV, Refinery  
  23  2:19  SCV  
  24  2:23  Factory  
  24  2:31  SCV  
  24  2:41  Barracks Reactor  
  24  2:43  SCV  
  25  2:55  SCV  
  26  3:07  SCV  
  26  3:09  Orbital Command  
  26  3:10  Starport  
  27  3:13  Cyclone  
  27  3:17  Marine x2  
  27  3:19  SCV  
  33  3:31  SCV  
  33  3:33  Bunker  
  34  3:34  Marine  
  34  3:35  Marine  
  34  3:36  SCV  
  37  3:43  SCV  
  37  3:46  Starport Tech Lab  
  38  3:49  Factory Tech Lab  
  38  3:52  SCV  
  39  3:55  SCV  
  39  4:01  Command Center  
  40  4:04  SCV  
  40  4:07  SCV  
  42  4:10  Supply Depot  
  42  4:14  Raven  
  42  4:16  SCV  
  45  4:20  SCV  
  46  4:31  Marine x2  
  46  4:32  Siege Tank, SCV  
  46  4:37  SCV  
  51  4:38  Supply Depot  
  51  4:44  SCV  
  52  4:48  Refinery  
  52  4:49  Engineering Bay  
  52  4:50  SCV  
  52  4:52  Barracks  
  53  4:56  SCV  
  54  5:00  Barracks  
  54  5:02  SCV  
  54  5:03  Marine  
  54  5:04  Stimpack, Siege Tank  
  59  5:08  SCV  
  59  5:11  Refinery  
  59  5:12  Starport Reactor  
  59  5:14  SCV, Orbital Command  
  61  5:20  SCV  
  59  5:26  SCV, Marauder  
  59  5:27  Supply Depot  
  59  5:28  Terran Infantry Weapons Level 1  
  62  5:32  SCV  
  63  5:38  SCV  
  63  5:41  SCV  
  65  5:44  SCV  
  65  5:46  Marine x2  
  65  5:48  Marauder  
  70  5:50  SCV  
  70  5:52  Medivac x2  
  70  5:53  SCV  
  70  5:56  Marauder  
  78  6:00  SCV  
  78  6:02  SCV  
  78  6:03  Marine  
  78  6:04  Marine  
  82  6:05  Barracks, Combat Shields  
  82  6:07  Barracks, SCV  
  82  6:10  Supply Depot  
  83  6:12  SCV  
  83  6:13  Marauder  
  85  6:25  Supply Depot x2  
  85  6:31  Supply Depot, Marine x2  
  85  6:32  SCV x3, Marauder  
  92  6:44  SCV  
  92  6:46  Medivac x2  
  99  6:47  Marauder  
  99  6:49  Marine x2  
  99  6:50  SCV  
  99  6:52  Refinery x2  
  99  6:53  Marauder  
  103  6:58  SCV  
  98  7:01  SCV  
  98  7:03  Barracks Tech Lab  
  98  7:04  Barracks Reactor  
  98  7:05  SCV, Concussive Shells  
  98  7:07  Marine x2  
  98  7:08  Marauder  
  98  7:10  SCV  
  98  7:13  SCV  
  100  7:17  SCV  
  100  7:19  Command Center  
  85  7:32  Marine, Marauder  
  85  7:33  SCV x2  
  85  7:36  Marine  
  88  7:37  SCV, Marauder x2  
  88  7:41  Viking x2  
  95  7:45  SCV  
  95  7:49  Marine  
  95  7:51  Marine x2  
  95  7:54  Marauder  
  95  7:55  SCV x2  
  95  7:57  SCV  
  104  7:58  Marauder  
  104  8:00  Armory  
  104  8:02  Engineering Bay  
  104  8:06  Starport  
  104  8:09  Starport  
  104  8:12  Fusion Core  
  104  8:13  SCV x2  
  104  8:17  Viking  
  108  8:21  Viking  
  104  8:36  Marine  
  104  8:37  Marine, Marauder  
  104  8:41  SCV x2  
  104  8:42  SCV  
  104  8:43  Orbital Command  
  104  8:47  Medivac  
  109  8:51  Starport Reactor, Starport Tech Lab, Medivac  
  109  8:55  SCV x3  
  103  9:06  Marine x4  
  103  9:07  SCV x2, Marauder x2  
  113  9:11  SCV  
  113  9:12  SCV  
  112  9:18  Raven  
  112  9:19  SCV x2, Viking  
  112  9:21  Viking  
  112  9:22  Advanced Ballistics  
  112  9:23  SCV  
  112  9:24  SCV, Liberator x2  
  123  9:31  SCV x2  
  123  9:36  SCV x2  
  126  9:40  Missile Turret  
  126  9:43  Liberator  
  126  9:44  Supply Depot  
  132  9:48  SCV  
  132  9:49  Liberator  
  132  9:50  SCV  
  132  9:51  SCV  
  130  9:54  SCV  
  130  9:55  Refinery  
  130  9:56  Refinery  
  127  10:00  SCV  
  127  10:02  SCV  
  127  10:06  Viking  
  137  10:10  Supply Depot  
  137  10:11  Supply Depot  
  137  10:13  SCV x3  
  140  10:15  SCV  
  140  10:18  Liberator  
  141  10:24  Viking  
  143  10:29  Supply Depot  
  143  10:34  SCV x2  
  148  10:36  Missile Turret, Viking  
  148  10:39  Marine x4, SCV  
  148  10:40  Marauder  
  148  10:42  Marauder  
  159  10:51  Viking x2  
  163  11:00  Barracks  
  163  11:01  Barracks x2  
  163  11:02  Supply Depot  
  163  11:03  SCV x2  
Show
View Real Time Build Order
Export as new Build Order

TYTY Terran 

Build Orders: Cyclone Opening, Gas First Reaper Expand, Reaper Expand 

Get SALT Encoding   

  12  0:00  SCV  
  13  0:12  SCV  
  14  0:17  Supply Depot  
  14  0:24  SCV  
  15  0:29  Refinery  
  15  0:38  SCV  
  16  0:45  Barracks  
  16  0:50  SCV  
  17  1:03  SCV  
  18  1:15  SCV  
  19  1:32  Reaper, Orbital Command  
  20  1:45  Command Center  
  20  1:56  Factory  
  20  2:01  SCV  
  21  2:06  Barracks Reactor  
  21  2:08  Refinery  
  21  2:13  SCV  
  22  2:18  Supply Depot  
  22  2:25  SCV  
  23  2:39  SCV  
  23  2:46  Cyclone  
  23  2:51  SCV  
  27  2:57  Cyclone  
  30  3:03  SCV  
  29  3:15  SCV  
  29  3:28  SCV  
  29  3:32  Cyclone  
  29  3:34  Cyclone  
  36  3:37  Orbital Command  
  36  3:40  SCV  
  37  3:52  Command Center  
  37  3:53  SCV  
  38  4:03  SCV  
  38  4:04  Cyclone  
  42  4:12  SCV  
  42  4:16  SCV  
  44  4:17  Supply Depot  
  44  4:19  Supply Depot  
  43  4:24  SCV  
  43  4:30  SCV  
  44  4:32  Cyclone  
  46  4:41  SCV  
  46  4:42  SCV  
  46  4:43  Engineering Bay  
  48  4:46  Cyclone  
  51  4:53  SCV  
  51  4:54  SCV  
  53  5:05  SCV  
  53  5:06  Supply Depot, SCV  
  58  5:13  Refinery  
  58  5:17  SCV  
  58  5:18  SCV  
  63  5:24  Barracks Reactor  
  63  5:25  Hellion x2  
  63  5:26  Starport  
  63  5:27  Orbital Command  
  61  5:29  SCV  
  61  5:31  SCV  
  63  5:41  SCV  
  63  5:42  Armory  
  64  5:43  SCV, Armory  
  65  5:51  Hellion x2  
  65  5:53  SCV x2  
  65  5:55  SCV  
  72  6:05  Factory, SCV x2  
  72  6:08  SCV  
  72  6:10  Refinery  
  75  6:12  Supply Depot  
  75  6:15  Medivac  
  75  6:17  SCV  
  78  6:19  SCV  
  78  6:20  Medivac, SCV  
  78  6:23  Hellion  
  84  6:28  Supply Depot  
  84  6:30  SCV  
  85  6:34  Hellion  
  85  6:36  SCV x2  
  89  6:40  Supply Depot  
  89  6:42  SCV  
  89  6:44  Hellion  
  92  6:48  SCV  
  92  6:49  SCV  
  92  6:52  Missile Turret, Liberator x2  
  92  6:54  SCV  
  92  6:55  Hellion  
  92  6:57  Factory Tech Lab  
  96  7:03  SCV x2  
  96  7:05  Hellion  
  96  7:08  Refinery  
  96  7:10  Supply Depot, Refinery  
  94  7:17  Hellion  
  94  7:22  Hellion, SCV x2  
  97  7:27  Hellion  
  81  7:30  SCV  
  81  7:34  SCV  
  72  7:37  SCV  
  72  7:38  Hellion  
  72  7:42  SCV, Terran Vehicle Weapons Level 1  
  72  7:43  Siege Tank  
  79  7:47  SCV  
  79  7:48  Hellion  
  79  7:49  SCV  
  83  7:54  Viking  
  83  7:57  Viking  
  87  8:00  Hellion x3  
  87  8:01  SCV x2  
  91  8:09  Supply Depot, Hellion  
  93  8:15  Siege Tank, SCV x2  
  93  8:17  SCV  
  99  8:21  Hellion  
  98  8:28  Supply Depot  
  98  8:32  SCV x2  
  90  8:34  Viking x2  
  85  8:43  SCV  
  85  8:45  Hellion x3  
  85  8:46  Hellion, SCV x2  
  92  8:54  Armory  
  92  8:57  Siege Tank  
  92  9:04  Viking x2  
  92  9:09  SCV x2  
  98  9:11  Hellion x4  
  98  9:14  Hellion x2  
  102  9:22  Factory  
  101  9:29  Command Center  
  101  9:33  Siege Tank  
  101  9:34  Viking  
  101  9:36  SCV x2  
  105  9:39  Viking  
  105  9:45  Hellion  
  109  9:46  Hellion, Starport  
  111  9:53  Factory  
  111  9:54  Factory  
  111  9:56  SCV x2  
  111  9:59  SCV  
  110  10:05  Siege Tank, Factory Tech Lab  
  110  10:06  Hellion  
  113  10:19  Hellion, Missile Turret x2  
  119  10:21  SCV x2  
  119  10:28  Hellion  
  119  10:30  Siege Tank  
  119  10:32  Refinery  
  119  10:33  Refinery  
  116  10:38  SCV x3, Starport Tech Lab  
  116  10:41  Hellion  
  119  10:45  Hellion  
  119  10:47  Factory Tech Lab  
  121  10:53  Missile Turret  
  121  10:54  Supply Depot  
  121  10:55  Sensor Tower  
  124  11:04  SCV x3  
  128  11:23  Missile Turret  
Tags
 
Add a new tag
Caveats
  • Supply blocks, unpowered buildings, or Contaminate may cause inaccurate times.
  • Supply counts are checked every 10 seconds.